Unix NetHack Version 5.0.0-0 post-release - last build May 31 2026 23:59:36 (970b52f25bf058293b47ddfd14a1e40e571c508c,branch:main).

Game began 2026-06-08 15:22:36, ended 2026-06-08 15:31:32.

AndiBanandi, lawful female human Valkyrie

                                      ---.............
                                      ..)....................
                                  --....*----.....--.......<.
                                  .@..)..-          .....--..
                                  G.....

AndiBanandi the Skirmisher  St:15 Dx:12 Co:18 In:10 Wi:15 Ch:10  Lawful
Dlvl:3  $:27 HP:0(29) Pw:10(10) AC:6  Xp:3 T:1003 

Latest messages:
 You see a large kobold.
 You stop eating the gnome corpse.
 You miss the large kobold.
 You hit the large kobold.
 The large kobold hits!
 You hit the large kobold.
 You kill the large kobold!
 Welcome to experience level 3.
 You feel stealthy!
 There is a partly eaten gnome corpse here; eat it? [ynq] (n) y
 You resume your meal.
 An arrow misses you.
 You stop eating the gnome corpse.
 You are hit by an arrow.
 There is a partly eaten gnome corpse here; eat it? [ynq] (n) y
 You resume your meal.
 You finish eating the gnome corpse.
 You are hit by an arrow!
 You see here a gray stone.
 You see here an arrow.
 You are hit by an arrow.
 You are almost hit by an arrow.
 You are hit by an arrow.
 You see a gnome lord.
 You hit the gnome lord.
 The gnome lord swings his bow.
 The gnome lord hits!
 You hit the gnome lord.
 You hit the gnome lord.
 The gnome lord swings his bow.
 The gnome lord hits!
 What do you want to drink?
 You feel strong!
 You feel smart!
 You feel wise!
 You feel agile!
 You're already as tough as you can get.
 You feel charismatic!
 What do you want to read?
 As you read the scroll, it disappears.
 Your hands begin to glow red.
 Call a scroll labeled NR 9: glow red - conf mon?
 The gnome lord swings his bow.
 The gnome lord hits!
 You die...
 Do you want your possessions identified? [ynq] (y) n
 Do you want to see your attributes? [ynq] (y) n
 Do you want an account of creatures vanquished? [ynaq] (y) n
 Do you want to see your conduct and achievements? [ynq] (y) n
 Do you want to see the dungeon overview? [ynq] (y) n

Inventory:
 Coins    ('$')
  $ - 27 gold pieces
 Weapons  (')')
  b - a +0 dagger (alternate weapon; not wielded)
  a - a +1 spear (weapon in right hand)
  k - a blessed +0 axe
 Armor    ('[')
  c - a blessed +3 small shield (being worn)
  l - an uncursed +0 splint mail
 Comestibles  ('%')
  d - an uncursed food ration
 Scrolls  ('?')
  h - an uncursed scroll of scare monster
  j - an uncursed scroll of teleportation
 Potions  ('!')
  f - a potion of unholy water
 Tools    ('(')
  e - an uncursed oil lamp
 Gems/Stones  ('*')
  i - an uncursed worthless piece of green glass
 Special
 (list likely candidates)

AndiBanandi the Valkyrie's attributes:

Background:
 You were a Skirmisher, a level 3 human Valkyrie.
 You were lawful, nominally on a mission for Tyr
 who was opposed by Odin (neutral) and Loki (chaotic).
 You were right-handed.
 You were in the Gnomish Mines, on level 3.
 You entered the dungeon 1003 turns ago.
 You had 46 experience points, 34 more were needed to attain level 4.

Basics:
 You had 0 out of 29 hit points.
 You had all 10 energy points (spell power).
 Your armor class was 6.
 Your wallet contained 27 zorkmids.
 Autopickup was on for '$"/!?+' plus thrown.

Final Characteristics:
 Your strength was 15 (limit:18/100).
 Your dexterity was 12 (limit:18).
 Your constitution was 18 (limit:18).
 Your intelligence was 10 (limit:18).
 Your wisdom was 15 (limit:18).
 Your charisma was 10 (limit:18).

Final Status:
 You weren't hungry.
 You were unencumbered.
 You were wielding a spear.
 You had basic skill with spear.

Final Attributes:
 You were devoutly aligned.
 You were cold resistant.
 You would have confused monsters when hitting them.
 You were stealthy.
 You are dead.

Miscellaneous:
 You didn't encounter any bones levels.
 Total elapsed playing time was 8 minutes and 1 second.

Major events:
 Turn
    1: AndiBanandi the lawful human Valkyrie entered the dungeon
  949: entered the Gnomish Mines
  984: attained the rank of Skirmisher (level 3)
 1003: killed by a gnome lord

You didn't know any spells.

Skills:
 Fighting Skills
   bare handed combat [Unskilled]
   two weapon combat  [Unskilled]
   riding             [Unskilled]
 Weapon Skills
   dagger             [Basic]
   axe                [Unskilled]
   pick-axe           [Unskilled]
   short sword        [Unskilled]
   broadsword         [Unskilled]
   long sword         [Unskilled]
   two-handed sword   [Unskilled]
   saber              [Unskilled]
   hammer             [Unskilled]
   quarterstaff       [Unskilled]
   polearms           [Unskilled]
   spear              [Basic]
   trident            [Unskilled]
   lance              [Unskilled]
   sling              [Unskilled]
 Spellcasting Skills
   attack spells      [Unskilled]
   escape spells      [Unskilled]

Voluntary challenges:
 Character rerolling was not enabled.
 You were an atheist.
 You never had a pet.
 You never genocided any monsters.
 You never polymorphed an object.
 You never changed form.
 You used no wishes.
Achievements:
 You entered the Gnomish Mines.
 You attained the rank of Skirmisher.

 The Dungeons of Doom: levels 1 to 3
    Level 1:
       Some fountains.
    Level 2:
       Stairs down to The Gnomish Mines.
    Level 3:
 The Gnomish Mines:
    Level 3: <- You were here.
       Final resting place for
          you, killed by a gnome lord.


Vanquished creatures:
 an elf zombie
  a large kobold
  2 gnomes
  a gecko
  a jackal
  a fox
  a sewer rat
  a grid bug
  2 lichens
  3 newts
14 creatures vanquished.

No species were genocided or became extinct.

Game over:
                       ----------
                      /          \
                     /    REST    \
                    /      IN      \
                   /     PEACE      \
                  /                  \
                  |   AndiBanandi    |
                  |      27 Au       |
                  |   killed by a    |
                  |    gnome lord    |
                  |                  |
                  |                  |
                  |       2026       |
                 *|     *  *  *      | *
        _________)/\\_//(\/(/\)/\//\/|_)_______

Farvel AndiBanandi the Valkyrie...

You died in The Gnomish Mines on dungeon level 3 with 319 points,
and 27 pieces of gold, after 1003 moves.
You were level 3 with a maximum of 29 hit points when you died.

